 Dungeon Crawl Stone Soup version 0.30.1-4-g462c640d31 (webtiles) character file.

Game seed: 2330976229704092738

110 booth the Chopper (level 4, 0/34 HPs)
             Began as a Demonspawn Gladiator on Aug 20, 2023.
             Slain by a cerulean imp
             ... wielding a +2 spear
             ... summoned by Natasha
              (3 damage)
             ... on level 3 of the Dungeon.
             The game lasted 00:11:04 (2197 turns).

booth the Chopper (Demonspawn Gladiator)            Turns: 2197, Time: 00:11:05

Health: 0/34       AC:  7    Str: 16    XL:     4   Next: 61%
Magic:  5/5        EV: 12    Int:  9    God:
Gold:   116        SH:  0    Dex: 15    Spells: 5/5 levels left

rFire   + . .        a - +0 war axe
rCold   . . .        (no shield)
rNeg    . . .        b - +0 leather armour
rPois   .            c - +0 helmet
rElec   .            h - +1 cloak
rCorr   .            (no gloves)
SInv    .            j - +0 pair of boots
Will    .....        (no amulet)
Stlth   +            l - ring of protection from fire
HPRegen 0.25/turn    (no ring)
MPRegen 0.18/turn

%: no passive effects
@: slowed, invisible, very slow
A: hooves 1, magic regeneration
a: no special abilities


You were on level 3 of the Dungeon.
You visited 1 branch of the dungeon, and saw 3 of its levels.

You collected 116 gold pieces.

Inventory:

Hand Weapons
 a - a +0 war axe (weapon)
Missiles
 d - 3 throwing nets (quivered)
 e - 3 javelins
 i - 4 poisoned darts
Armour
 b - a +0 leather armour (worn)
 c - a +0 helmet (worn)
 f - a +1 chain mail of cold resistance
 h - a +1 cloak (worn)
 j - a +0 pair of boots (worn)
Jewellery
 l - a ring of protection from fire (left hand)
 s - a ring of resist corrosion
Scrolls
 m - 2 scrolls of amnesia
 p - 2 scrolls of identify
 t - a scroll of teleportation {unknown}
 u - a scroll of enchant weapon {unknown}
Potions
 g - a potion of resistance
 k - a potion of brilliance
 n - 2 potions of curing
 o - a potion of lignification
 q - a potion of heal wounds {unknown}


   Skills:
 + Level 2.6 Fighting
 * Level 3.6 Axes
 + Level 2.4 Throwing
 + Level 3.2 Dodging
 + Level 1.2 Spellcasting


You had 5 spell levels left.
You didn't know any spells.
Your spell library contained the following spells:

 Spells                   Type           Power      Damage    Failure   Level
 Magic Dart               Conj           0%         1d3       41%         1
 Call Imp                 Summ           0%         N/A       56%         2
 Sublimation of Blood     Necr           0%         N/A       56%         2
 Mephitic Cloud           Conj/Pois/Air  0%         N/A       80%         3
 Petrify                  Tmut/Erth      0%         N/A       99%         4
 Irradiate                Conj/Tmut      0%         3d11      100%        5


Dungeon Overview and Level Annotations

Branches:
Dungeon (3/15)

Altars:

Annotations:
D:3 Natasha


Innate Abilities, Weirdness & Mutations

You have large cloven feet.
You regenerate magic rapidly.


Message History

Natasha casts a spell.
Natasha casts a spell.
The cerulean imp hits you from afar with a +0 spear.
Natasha stares at you and mumbles some strange words.
You feel yourself slow down. The cerulean imp barely misses you.
Natasha casts a spell.
The cerulean imp barely misses you.
The cerulean imp hits you from afar with a +2 spear.
The cerulean imp completely misses you.
The cerulean imp hits you from afar with a +2 spear.
The cerulean imp hits you from afar with a +0 spear.
Natasha barely misses you.
The cerulean imp hits you from afar with a +2 spear.
You completely miss Natasha. The cerulean imp misses you.
Natasha claws you but does no damage.
The cerulean imp hits you from afar with a +2 spear.
* * * LOW HITPOINT WARNING * * *
The cerulean imp hits you from afar with a +0 spear.
* * * LOW HITPOINT WARNING * * *
Natasha closely misses you. The cerulean imp barely misses you. x2
It was a potion of invisibility.
You fade into invisibility!
The cerulean imp misses you. Natasha claws you but does no damage.
The cerulean imp hits you from afar with a +2 spear.
* * * LOW HITPOINT WARNING * * *
The cerulean imp misses you. x2; Natasha closely misses you.
The cerulean imp closely misses you.
You closely miss Natasha.
Natasha seems less brilliant.
The cerulean imp hits you but does no damage.
Natasha drinks a potion.
Natasha's spells are empowered!
The cerulean imp hits you from afar with a +2 spear.
* * * LOW HITPOINT WARNING * * *
The cerulean imp closely misses you. Natasha closely misses you.
You feel better. The cerulean imp closely misses you.
The cerulean imp barely misses you.
The cerulean imp hits you but does no damage.
Natasha claws you.
* * * LOW HITPOINT WARNING * * *
The cerulean imp hits you from afar with a +2 spear.
You die...

#........ ..
#.................
#.................
#.................
#.........(.......
#.................
#.55.............$
#5................
#@h...............
#..............(..
#####.........<.......
......................
#####.................
......................
#####.......).........
## #.................
...##.................


You could see Natasha (empowered) and 3 cerulean imps.

Vanquished Creatures
  A scorpion (D:3)
  An adder (D:2)
  A dart slug (D:3)
  5 endoplasms
  4 giant cockroaches (D:1)
  4 goblins
  4 hobgoblins
  3 jackals (D:2)
  2 quokkas
  2 ball pythons (D:1)
  5 bats (D:1)
  A frilled lizard (D:1)
  5 kobolds
  2 rats (D:1)
40 creatures vanquished.

Notes
Turn   | Place    | Note
-------+----------+-------------------------------------------
     0 | D:1      | booth the Demonspawn Gladiator began the quest for the Orb.
     0 | D:1      | Reached XP level 1. HP: 16/16 MP: 1/1
   188 | D:1      | Gained mutation: You have large cloven feet. [demonic
                  | ancestry]
   188 | D:1      | Reached XP level 2. HP: 22/22 MP: 2/2
   851 | D:1      | Gained mutation: You regenerate magic rapidly. [demonic
                  | ancestry]
   851 | D:1      | Reached XP level 3. HP: 27/27 MP: 3/3
  1898 | D:3      | Noticed a scorpion
  1910 | D:3      | Killed a scorpion
  1911 | D:3      | Reached skill level 1 in Spellcasting
  1911 | D:3      | Reached XP level 4. HP: 14/34 MP: 5/5
  2182 | D:3      | Noticed Natasha
  2197 | D:3      | Slain by a cerulean imp

Illustrated notes

Levels and vault maps discovered:
D:1:      sevenhm_arrival_forest_fort_large_4, layout_basic,
          serial_bayou_crossing
D:2:      layout_basic
D:3:      layout_basic, basic_ecumenical_altar, gammafunk_ghost_grave,
          kennysheep_nub, st_stairs_13, uniq_natasha

Skill      XL: |  1  2  3 |
---------------+----------+-----
Throwing       | 2 |  2.4
Axes           | 3 |  3.6
Dodging        | 3 |  3.2
Spellcasting   | 1 |  1.2
Fighting       | |  2.6

Action                     |  1- 3 |  4- 6 || total
---------------------------+-------+-------++-------
  Melee: War axe           |   103 |    13 ||   116
         Punch             |     2 |     1 ||     3
         Kick              |     6 |       ||     6
  Throw: Javelin           |     1 |       ||     1
         Throwing net      |     1 |       ||     1
    Use: Scroll            |     3 |       ||     3
         Potion            |     2 |     2 ||     4
 Armour: Leather armour    |    43 |     7 ||    50
  Dodge: Dodged            |    72 |    25 ||    97
